 Dungeon Crawl Stone Soup version 0.27-a0-95-g5a9077b8ae (webtiles) character file.

Game seed: 3827790345298384426

37 knot the Chopper (level 3, 42/43 HPs)
             Began as a Demonspawn Berserker on Jan 19, 2021.
             Was a Follower of Trog.
             Quit the game on level 2 of the Dungeon.
             The game lasted 00:00:39 (965 turns).

knot the Chopper (Demonspawn Berserker)              Turns: 965, Time: 00:00:39

Health: 42/43      AC:  3    Str: 17    XL:     3   Next: 21%
Magic:  3/3        EV: 12    Int:  9    God:    Trog [*.....]
Gold:   10         SH:  0    Dex: 12    Spells: 2/2 levels left

rFire    . . .     SeeInvis .   a - +0 hand axe
rCold    . . .     Faith    .   (no shield)
rNeg     . . .     Spirit   .   b - +0 animal skin
rPois    .         Reflect  .   (helmet restricted)
rElec    .         Harm     .   (no cloak)
rCorr    .         Rampage  .   e - +0 pair of gloves
Will     .....                  (no boots)
Stlth    ..........             (no amulet)
HPRegen  0.14/turn              (no ring)
MPRegen  0.08/turn              (no ring)

@: berserking, very quick
A: antennae 1, miasma immunity
a: Renounce Religion, Berserk


You were on level 2 of the Dungeon.
You worshipped Trog.
Trog was aware of your devotion.
You visited 1 branch of the dungeon, and saw 2 of its levels.

You collected 10 gold pieces.

Inventory:

Hand Weapons
 a - a +0 hand axe (weapon)
Missiles
 i - 48 stones
Armour
 b - a +0 animal skin (worn)
 e - a +0 pair of gloves (worn)
Scrolls
 c - a scroll of magic mapping {unknown}
 f - 2 scrolls of identify {unknown}
 h - 2 scrolls of teleportation {unknown}
Potions
 d - 2 potions of curing {unknown}
 g - a potion of magic {unknown}
 j - a potion of degeneration {unknown}


   Skills:
 - Level 3.0 Fighting
 + Level 4.0 Axes
 - Level 1.7 Armour
 - Level 1.7 Dodging


You had 2 spell levels left.
You didn't know any spells.
Your spell library was empty.

Dungeon Overview and Level Annotations

Branches:
Dungeon (2/15)

Altars:


Innate Abilities, Weirdness & Mutations

You have a pair of small antennae on your head.
You are immune to miasma.


Message History

A red film seems to cover your vision as you go berserk!
You feel yourself moving faster!
You feel mighty! The jackal barely misses you.
The adder bites you but does no damage.
You slash the adder!
The adder is heavily wounded.
You hit the jackal. The adder bites you but does no damage.
You miss the adder.
The adder is heavily wounded.
You barely miss the jackal. The adder misses you. The jackal misses you.
You hit the adder.
You kill the adder!
Trog accepts your kill.
You miss the jackal.
Your Axes skill increases to level 4!
You have reached level 3!
Your experience leads to an increase in your attributes!
Increase (S)trength, (I)ntelligence, or (D)exterity?
You feel clever.
Your demonic ancestry asserts itself...
You feel immune to miasma.
Are you sure you want to abandon this character and quit the game? (Confirm with "yes".)

#.# #.# #.#
#.#
########.#
#........#
#.########
#.# {#@#
......gh...#
###...#....#
#...#....#
.... #<...#
#.##. #.#..#
# . ......
#. #.####.


You could see a jackal and a goblin.

Vanquished Creatures
  An adder (D:2)
  A dart slug (D:1)
  4 leopard geckos (D:1)
  2 bats (D:1)
  A giant cockroach (D:1)
  3 goblins (D:1)
  3 hobgoblins (D:1)
  A jackal (D:2)
  3 frilled lizards (D:1)
19 creatures vanquished.

Vanquished Creatures (others)
  A plant (D:1)
1 creature vanquished.

Grand Total: 20 creatures vanquished

Notes
Turn   | Place    | Note
-------+----------+-------------------------------------------
     0 | D:1      | knot the Demonspawn Berserker began the quest for the Orb.
     0 | D:1      | Reached XP level 1. HP: 18/18 MP: 1/1
    44 | D:1      | Reached skill level 3 in Axes
    63 | D:1      | Gained mutation: You have a pair of small antennae on your
                  | head. [demonic ancestry]
    63 | D:1      | Reached XP level 2. HP: 13/24 MP: 2/2
   965 | D:2      | Reached skill level 4 in Axes
   965 | D:2      | Gained mutation: You are immune to miasma. [demonic
                  | ancestry]
   965 | D:2      | Reached XP level 3. HP: 29/29 MP: 3/3
   965 | D:2      | Quit the game

Illustrated notes

Levels and vault maps discovered:
D:1:      dpeg_arrival_connections, layout_loops_ring, serial_forest,
          infiniplex_forest_clump_C, infiniplex_forest_clump_small,
          infiniplex_forest_3_way, infiniplex_forest_end_1,
          infiniplex_forest_straight_5, infiniplex_forest_end_3,
          infiniplex_forest_lined_room_2
D:2:      layout_basic, lemuel_blue_sif_altar, chequers_serial_rivers_micro_a,
          lemuel_tele_altar

Skill      XL: |  1  2 |
---------------+-------+-----
Axes           | 3 4 |  4.0
Fighting       | |  3.0
Armour         | |  1.7
Dodging        | |  1.7

Action                   || total
-------------------------++-------
Melee: Hand axe          ||    54
Invok: Berserk           ||     1
Armor: Animal skin       ||    11
Dodge: Dodged            ||    39

Table legend: (Time is in decaauts)
 A = Elapsed time spent in this place.
 B = Non-inter-level travel time spent in this place.
 C = Inter-level travel time spent in this place.
 D = Time resting spent in this place.
 E = Time spent auto-exploring this place.
 F = Levels seen in this place.
 G = Mean time per level.
                   A        B        C        D        E       F      G
               +--------+--------+--------+--------+--------+-----+--------+
         Total |    970 |    950 |     20 |    236 |    596 |   2 |  485.0 |
       Dungeon |    970 |    950 |     20 |    236 |    596 |   2 |  485.0 |
               +--------+--------+--------+--------+--------+-----+--------+

Top non-repeatable levels by time:
     D:1: 949 daAuts
     D:2: 21 daAuts
